 Dungeon Crawl Stone Soup version 0.28-a0-983-g1de4e0787c (webtiles) character file.

Game seed: 10998804840864573016

2 vurker the Gusty (level 1, 0/7 HPs)
             Began as a Felid Air Elementalist on Dec 2, 2021.
             Slain by a bat (1 damage)
             ... on level 1 of the Dungeon.
             The game lasted 00:00:29 (87 turns).

vurker the Gusty (Felid Air Elementalist)             Turns: 87, Time: 00:00:29

Health: 0/7        AC:  1    Str:  4    XL:     1   Next: 25%
Magic:  0/4        EV: 17    Int: 16    God:
Gold:   16         SH:  0    Dex: 16    Spells: 3/4 levels left
                                        Lives:  0   Deaths: 0

rFire   . . .      SeeInvis +   (weapon unavailable)
rCold   . . .      Faith    .   (shield unavailable)
rNeg    . . .      Spirit   .   (armour unavailable)
rPois   .          Reflect  .   (helmet unavailable)
rElec   .          Harm     .   (cloak unavailable)
rCorr   .          Rampage  .   (gloves unavailable)
Will    .....                   (boots unavailable)
Stlth   ++........              (no amulet)
HPRegen 0.02/turn               (no ring)
MPRegen 0.09/turn               (no ring)

@: quick
A: very small, claws 1, fangs 3, see invisible, speed 1, shaggy fur 1, stealthy
paws, no weapons or thrown items, no armour, multi-lived
a: no special abilities


You were on level 1 of the Dungeon.
You visited 1 branch of the dungeon, and saw 1 of its levels.

You collected 16 gold pieces.

You aren't carrying anything.


   Skills:
 + Level 0.1 Fighting
 - Level 2.6 Dodging
 - Level 2.6 Stealth
 * Level 2.0 Spellcasting
 + Level 0.9 Conjurations
 * Level 2.7 Air Magic


You had 3 spell levels left.
You knew the following spells:

 Your Spells              Type           Power      Damage    Failure   Level
a - Shock                 Conj/Air       28%        1d4       10%         1

Your spell library contained the following spells:

 Spells                   Type           Power      Damage    Failure   Level
 Static Discharge         Conj/Air       7%         N/A       14%         2
 Swiftness                Air            10%        N/A       21%         3
 Airstrike                Air            5%         N/A       54%         4


Dungeon Overview and Level Annotations

Branches:
Dungeon (1/15)

Altars:


Innate Abilities, Weirdness & Mutations

You have sharp claws.
You have razor-sharp teeth.
You have supernaturally acute eyesight. (SInv)
You cover ground quickly. (Speed+)
You are covered in fur. (AC +1)
Your paws help you pounce on unaware monsters.
You are incapable of wielding weapons or throwing items.
You cannot wear armour.
You gain extra lives every three experience levels.


Message History

A kobold is nearby!
Aim: a kobold, wielding a +0 dagger and quivering stones (60% to hit)
The zap misses the kobold.
You don't have enough magic to cast this spell.
You don't have enough magic to cast this spell.
Unknown command.
Unknown command.
Unknown command.
Unknown command.
Unknown command.
Unknown command.
Unknown command.
Unknown command.
Unknown command.
You closely miss the kobold. The kobold hits you with a +0 dagger.
You closely miss the kobold. The kobold barely misses you.
You scratch the kobold but do no damage.
The kobold completely misses you.
You scratch the kobold.
An endoplasm comes into view.
The kobold closely misses you.
You barely miss the kobold.
A bat comes into view.
The kobold misses you.
The bat moves out of view.
You scratch the kobold but do no damage.
The kobold closely misses you.
You scratch the kobold.
You kill the kobold!
You barely miss the bat. The bat barely misses you. The bat hits you. x2
* * * LOW HITPOINT WARNING * * *
You are too injured to fight recklessly!
You closely miss the bat. The bat completely misses you. The bat misses you.
Things that are here:
a +0 dagger; 4 stones You barely miss the bat.
The bat closely misses you. The bat barely misses you.
Aim: a bat (52% to hit)
The zap misses the bat.
The bat hits you.
* * * LOW HITPOINT WARNING * * *
The bat misses you.
You scratch the bat but do no damage. The bat barely misses you.
You don't have enough magic to cast this spell.
The bat closely misses you. The bat barely misses you.
You miss the bat. The bat hits you but does no damage.
You scratch the bat. The bat hits you.
* * * LOW HITPOINT WARNING * * *
Aim: a bat (severely wounded, 52% to hit)
The zap misses the bat.
The bat hits you.
You die...

###...### #...#........#
###∩#######...+..........
#.#.#.....#...#)#.##...#.
#.#.#.###.#...#.#... ....
#...#.#.#.#...#.#.### ##!
#.#.#.#.#.#...#b#.#
#.........#...#.#.#
#.#.#.#.###...#.#####
#.#.#........@b.....#
.......##.......#####
.#.#.#..##.##.####
####..............#
#..########....# ....
###### #.


You could see a bat.

Vanquished Creatures
  A giant cockroach (D:1)
  A kobold (D:1)
2 creatures vanquished.

Notes
Turn   | Place    | Note
-------+----------+-------------------------------------------
     0 | D:1      | vurker the Felid Air Elementalist began the quest for the
                  | Orb.
     0 | D:1      | Reached XP level 1. HP: 7/7 MP: 4/4
    87 | D:1      | Slain by a bat

Illustrated notes

Levels and vault maps discovered:
D:1:      mainiacjoe_arrival_reflecting_pool, layout_basic,
          ebering_ecumenical_altar_petrified

Action                   || total
-------------------------++-------
Melee: Unarmed           ||    16
       Bite              ||     1
 Cast: Shock             ||     6
Armor: Skin              ||     1
Dodge: Dodged            ||    17

Table legend: (Time is in decaauts)
 A = Elapsed time spent in this place.
 B = Non-inter-level travel time spent in this place.
 C = Inter-level travel time spent in this place.
 D = Time resting spent in this place.
 E = Time spent auto-exploring this place.
 F = Levels seen in this place.
 G = Mean time per level.
                   A        B        C        D        E       F      G
               +--------+--------+--------+--------+--------+-----+--------+
         Total |     74 |     74 |      0 |      0 |     38 |   1 |   74.0 |
       Dungeon |     74 |     74 |      0 |      0 |     38 |   1 |   74.0 |
               +--------+--------+--------+--------+--------+-----+--------+

Top non-repeatable levels by time:
     D:1: 74 daAuts
